 Dungeon Crawl Stone Soup version 0.20-a0-32-gb8e7c72 (webtiles) character file.

81 KristoblXynda the Charlatan (level 4, -4/22 HPs)
             Began as a Spriggan Artificer on Nov 9, 2016.
             Killed from afar by Natasha (6 damage)
             ... with a magic dart
             ... on level 2 of the Dungeon.
             The game lasted 00:01:57 (901 turns).

KristoblXynda the Charlatan (Spriggan Artificer)     Turns: 901, Time: 00:01:58

Health: -4/22      AC:  2    Str:  8    XL:     4   Next: 19%
Magic:  8/8        EV: 19    Int: 13    God:
Gold:   54         SH:  0    Dex: 16    Spells: 0 memorised, 3 levels left

rFire  . . .     SeeInvis +     a - +0 short sword
rCold  . . .     Gourm    .     b - +0 robe
rNeg   . . .     Faith    .     (shield restricted)
rPois  .         Spirit   .     (helmet restricted)
rElec  .         Reflect  .     (no cloak)
rCorr  .         Harm     .     (gloves unavailable)
MR     .....                    (boots unavailable)
Stlth  +++.......               (no amulet)
                                (no ring)
                                (no ring)

@: very quick
A: unfitting armour, see invisible, herbivore 3, speed 3, slow metabolism 2
a: no special abilities


You were on level 2 of the Dungeon.
You were not hungry.

You visited 1 branch of the dungeon, and saw 2 of its levels.

You collected 54 gold pieces.

Inventory:

Hand Weapons
 a - a +0 short sword (weapon)
Missiles
 n - a throwing net (quivered)
Armour
 b - a +0 robe (worn)
Wands
 c - a wand of flame (4/48)
 d - a wand of enslavement (15/24)
 e - a wand of random effects (11/48)
Scrolls
 g - a scroll of noise {unknown}
 h - a scroll of identify {unknown}
 k - a scroll of blinking {unknown}
Potions
 j - a potion of curing {unknown}
 l - a potion of magic {unknown}
 m - a potion of agility {unknown}
Comestibles
 f - 2 bread rations
 i - 4 fruits


   Skills:
 - Level 1.0 Fighting
 + Level 2.3 Short Blades
 + Level 4.1 Dodging
 + Level 3.6 Stealth
 + Level 4.5 Evocations


You had 3 spell levels left.
You didn't know any spells.

Dungeon Overview and Level Annotations

Branches:
Dungeon (2/15)

Altars:

Annotations:
D:2 Natasha


Innate Abilities, Weirdness & Mutations

You are very small and have problems with some larger weapons.
You are too small for most types of armour.
You have supernaturally acute eyesight. (SInv)
You are a herbivore.
You cover ground extremely quickly.
You need consume almost no food.


Message History

Aim: Natasha (heavily wounded)
The puff of flame hits Natasha.
Natasha is severely wounded.
This wand has 5 charges left.
Natasha claws you.
* * * LOW HITPOINT WARNING * * *
You closely miss Natasha.
Natasha is severely wounded.
Natasha claws you.
* * * LOW HITPOINT WARNING * * *
Evoke which item? (* to show all) (? for menu, Esc to quit)
Zapping:
c - a wand of flame (5/48)
Press: ? - help, Shift-Dir - straight line, f/p - Natasha
Aim: Natasha (severely wounded)
The puff of flame hits Natasha.
Natasha is almost dead.
This wand has 4 charges left.
Natasha stares at you and mumbles some strange words.
The magic dart hits you!
You die...

#.#.# #...# #.###
#.# #.# #.# #†#
####.#####
#.h@.....#
......#####.(#
##### #..# #..#
### #.##
#...#)#####.#
...#......S..#
#.....8..#.......
#<##....###..####


You could see Natasha.

Vanquished Creatures
  Natasha (twice) (D:2)
  An adder (D:2)
  A dart slug (D:1)
  2 leopard geckos (D:1)
  3 giant cockroaches (D:1)
  4 hobgoblins
  2 kobolds (D:2)
  2 bats (D:1)
  A frilled lizard (D:1)
  A rat (D:1)
19 creatures vanquished.

Notes
Turn   | Place    | Note
-------+----------+-------------------------------------------
     0 | D:1      | KristoblXynda the Spriggan Artificer began the quest for the Orb.
     0 | D:1      | Reached XP level 1. HP: 9/9 MP: 4/4
    59 | D:1      | Reached skill level 1 in Fighting
   201 | D:1      | Reached XP level 2. HP: 12/14 MP: 6/6
   845 | D:2      | Noticed Natasha
   850 | D:2      | Reached XP level 3. HP: 18/18 MP: 7/7
   860 | D:2      | Killed Natasha
   882 | D:2      | Noticed Natasha
   888 | D:2      | Killed Natasha
   888 | D:2      | Reached XP level 4. HP: 6/22 MP: 8/8
   896 | D:2      | Noticed Natasha
   901 | D:2      | Killed from afar by Natasha

Vault maps used:
D:1:      evilmike_arrival_fibonacci_small
D:2:      zin_statuary, mrwooster_statue_mirror, uniq_sigmund, uniq_natasha,
          uniq_jessica

Skill      XL: |  1  2  3 |
---------------+----------+-----
Fighting       | 1 |  1.0
Stealth        | 2 3 |  3.6
Short Blades   | 2 |  2.3
Dodging        | 4 |  4.1
Evocations     | |  4.5

Action                   |  1- 3 |  4- 6 || total
-------------------------+-------+-------++-------
Melee: Short sword       |    54 |     1 ||    55
Evoke: Wand              |    10 |     5 ||    15
 Stab: Sleeping          |     5 |       ||     5
Armor: Robe              |     3 |       ||     3
Dodge: Dodged            |    37 |       ||    37
